 Dungeon Crawl Stone Soup version 0.20.1-1-g8b1a95d (webtiles) character file.

2082 letownia2 the Reanimator (level 9, -3/70 HPs)
             Began as a Deep Dwarf Necromancer on Dec 16, 2017.
             Was an Initiate of Gozag.
             Slain by a wraith (9 damage)
             ... on level 8 of the Dungeon.
             The game lasted 00:16:13 (7547 turns).

letownia2 the Reanimator (Deep Dwarf Necromancer)   Turns: 7547, Time: 00:16:13

Health: -3/70      AC: 15    Str: 14    XL:     9   Next: 6%
Magic:  19/19      EV: 10    Int: 19    God:    Gozag
Gold:   52         SH:  0    Dex: 13    Spells: 15/21 levels left

rFire    . . .     SeeInvis +   a - +1 flail (protect)
rCold    . . .     Gourm    .   (no shield)
rNeg     . . .     Faith    .   V - +0 scale mail of Boredom {Int+2}
rPois    .         Spirit   .   (no helmet)
rElec    .         Reflect  .   (no cloak)
rCorr    .         Harm     .   R - +1 pair of gloves
MR       +....                  (no boots)
Stlth    +.........             (no amulet)
Regen    0.0/turn               I - ring of flight
MPRegen  0.2/turn               J - ring of see invisible

@: protection aura, non-regenerating, slowed, very slow
A: damage resistance, heal wounds, sense surroundings 2, no regeneration
a: Heal Wounds, Potion Petition, Call Merchant, Bribe Branch, Renounce Religion,
Evoke Flight


You were on level 8 of the Dungeon.
You worshipped Gozag.
Gozag was noncommittal.
You were not hungry.

You visited 2 branches of the dungeon, and saw 9 of its levels.

You collected 891 gold pieces.
You paid 839 gold pieces to Gozag.

Inventory:

Hand Weapons
 a - a +1 flail of protection (weapon)
 g - a +0 bardiche
 k - a +0 hunting sling
 E - a +0 short sword of freezing
 G - a +0 shortbow
Missiles
 o - 14 javelins (quivered)
 q - 3 throwing nets
 s - 48 sling bullets
 B - 16 bolts
 H - 143 arrows
 K - 3 steel tomahawks
Armour
 d - a +0 ring mail
 N - a +2 leather armour of magic resistance
 R - a +1 pair of gloves (worn)
 V - the +0 scale mail of Boredom (worn) {Int+2}
   (You found it on level 8 of the Dungeon)

   It affects your intelligence (+2).
Jewellery
 j - a +6 ring of strength {unknown}
 u - an uncursed ring of fire
 I - a ring of flight (left hand)
 J - a ring of see invisible (right hand)
Wands
 w - a wand of polymorph (6/24)
 F - a wand of paralysis (12/24)
Scrolls
 e - 4 scrolls of remove curse
 m - 5 scrolls of identify
 r - a scroll of blinking {unknown}
 x - 3 scrolls of teleportation {unknown}
 y - a scroll of magic mapping {unknown}
 D - 2 scrolls of fog {unknown}
 L - 2 scrolls of immolation {unknown}
 M - a scroll of amnesia {unknown}
 O - 3 scrolls of fear {unknown}
 P - a scroll of recharging {unknown}
 Q - a scroll of enchant armour {unknown}
 S - a scroll of random uselessness {unknown}
Potions
 f - a potion of heal wounds {unknown}
 h - 2 potions of mutation {unknown}
 i - 5 potions of curing
 l - 3 potions of brilliance {unknown}
 t - a potion of lignification {unknown}
 v - a potion of haste {unknown}
 C - a potion of might
Books
 b - a book of Necromancy

   Spells                             Type                      Level
   a - Pain                           Necromancy                   1
   b - Animate Skeleton               Necromancy                   1
   c - Vampiric Draining              Necromancy                   3
   d - Regeneration                   Charms/Necromancy            3
   e - Animate Dead                   Necromancy                   4
   f - Control Undead                 Necromancy                   4
 n - a book of Cantrips

   Spells                             Type                      Level
   a - Confusing Touch                Hexes                        1
   b - Animate Skeleton               Necromancy                   1
   c - Summon Small Mammal            Summoning                    1
   d - Apportation                    Translocation                1
 p - a book of Misfortune

   Spells                             Type                      Level
   a - Confusing Touch                Hexes                        1
   b - Confuse                        Hexes                        3
   c - Gell's Gravitas                Translocation                3
   d - Petrify                        Transmutation/Earth          4
   e - Metabolic Englaciation         Hexes/Ice                    5
   f - Yara's Violent Unravelling     Hexes/Transmutation          5
 A - a book of Air

   Spells                             Type                      Level
   a - Shock                          Conjuration/Air              1
   b - Swiftness                      Charms/Air                   2
   c - Static Discharge               Conjuration/Air              3
   d - Airstrike                      Air                          4
   e - Lightning Bolt                 Conjuration/Air              5
Comestibles
 c - 5 bread rations
 T - a fruit


   Skills:
 - Level 1.4 Fighting
 + Level 0.0 Armour
 - Level 2.1 Dodging
 - Level 2.4 Stealth
 + Level 6.7 Spellcasting
 - Level 9.6 Necromancy
 - Level 5.1 Evocations


You had 15 spell levels left.
You knew the following spells:

 Your Spells              Type           Power        Failure   Level  Hunger
a - Pain                  Necr           ####         1%          1    None
s - Swiftness             Chrm/Air       #.......     56%         2    None
v - Vampiric Draining     Necr           #####.....   2%          3    ##.....


Dungeon Overview and Level Annotations

Branches:
Dungeon (8/15)             Temple (1/1) D:5
   Lair: D:8-11

Altars:
Ashenzari
Cheibriados
Dithmenos
Elyvilon
Fedhas
Gozag
Hepliaklqana
Kikubaaqudgha
Makhleb
Nemelex Xobeh
Qazlal
Uskayaw
Vehumet
Xom
Yredelemnul

Shops:
D:4 *   D:7 [

Annotations:
D:5 1 exclusion


Innate Abilities, Weirdness & Mutations

You are resistant to damage.
You can heal yourself by infusing magical energy.
You passively map the area around you.
You do not regenerate.


Message History

The wraith is severely damaged.
The wraith hits you but does no damage. The wraith hits you!
* * * LOW HITPOINT WARNING * * *
You barely miss the wraith.
The wraith is severely damaged.
The wraith hits you.
* * * LOW HITPOINT WARNING * * *
The wraith drains your vigour!
You feel as though you will be slow longer.
The wraith hits you but does no damage.
You barely miss the wraith.
The wraith is severely damaged.
The wraith hits you but does no damage. x2
Unknown command.
You hit the wraith.
Your weapon exudes an aura of protection.
The wraith is almost destroyed.
The wraith hits you. The wraith hits you!
You die...
Your body crumbles into a pile of gold.

* ######### #
.((.(...#
##.#### #.#
#...<.# #.#
#..##.# #W#
*#.
#.####@######
.. ,
#...........#
#. ,
######.####.#
# * #.# , * ,
#.# , * #.# ,
* ..# , , ,*
### *, ,, ,


You could see a wraith.

Vanquished Creatures
  Sigmund (D:4)
  A black bear (D:7)
  An orc warrior (D:7)
  An ogre (D:6)
  5 centaurs
  Blork the orc (D:4)
  3 bullfrogs
  6 howler monkeys
  A jelly (D:7)
  3 hounds
  A gnoll shaman (D:4)
  2 orc priests (D:7)
  Jessica (D:3)
  2 iguanas
  4 worker ants
  A hound zombie (D:7)
  2 hound skeletons
  3 worker ant zombies
  A howler monkey zombie (D:6)
  8 gnolls
  9 adders
  2 shadow imps
  An ooze (D:5)
  An adder zombie (D:6)
  An adder skeleton (D:4)
  3 worms
  A dart slug (D:3)
  5 leopard geckos
  19 orcs
  2 ball pythons (D:4)
  8 bats
  3 giant cockroaches
  6 goblins
  A hobgoblin (D:1)
  8 jackals
  7 kobolds
  5 frilled lizards
  A quokka zombie (D:6)
  6 rats
137 creatures vanquished.

Notes
Turn   | Place    | Note
-------+----------+-------------------------------------------
     0 | D:1      | letownia2 the Deep Dwarf Necromancer began the quest for the Orb.
     0 | D:1      | Reached XP level 1. HP: 15/15 MP: 3/3
   276 | D:2      | Reached XP level 2. HP: 20/22 MP: 0/5
   407 | D:2      | Found a hazy altar of Hepliaklqana.
   410 | D:2      | Found a burning altar of Makhleb.
   413 | D:2      | Found a radiant altar of Vehumet.
   540 | D:3      | Reached skill level 5 in Necromancy
   615 | D:3      | Noticed Jessica
   620 | D:3      | Killed Jessica
   620 | D:3      | Reached XP level 3. HP: 26/28 MP: 1/6
   642 | D:3      | Learned a level 3 spell: Vampiric Draining
   807 | D:4      | Noticed an ogre
   807 | D:4      | Reached XP level 4. HP: 33/36 MP: 3/7
   943 | D:4      | Reached skill level 6 in Necromancy
  1163 | D:4      | Learned a level 2 spell: Swiftness
  1249 | D:3      | Reached XP level 5. HP: 29/42 MP: 0/8
  1517 | D:4      | Found Mahuipeu's Serpentskin Sales.
  1654 | D:4      | Reached skill level 7 in Necromancy
  2277 | D:4      | Found a snail-covered altar of Cheibriados.
  2277 | D:4      | Noticed a centaur
  2283 | D:4      | Killed a centaur
  2283 | D:4      | Reached XP level 6. HP: 39/49 MP: 0/11
  2346 | D:4      | Noticed Sigmund
  2534 | D:4      | Killed Sigmund
  2547 | D:4      | Noticed Blork the orc
  2613 | D:5      | Entered Level 5 of the Dungeon
  2670 | D:5      | Noticed a moth of wrath
  2685 | D:5      | Reached XP level 7. HP: 42/55 MP: 8/13
  2877 | D:5      | Found a staircase to the Ecumenical Temple.
  2886 | Temple   | Entered the Ecumenical Temple
  2890 | Temple   | Reached skill level 5 in Spellcasting
  2945 | Temple   | Became a worshipper of Gozag Ym Sagoz the Greedy
  3016 | D:5      | Found a sparkling altar of Nemelex Xobeh.
  3210 | D:4      | Killed Blork the orc
  3980 | D:1      | You fall through a shaft!
  4927 | D:5      | Reached skill level 1 in Fighting
  4927 | D:5      | Reached skill level 8 in Necromancy
  5995 | D:6      | Reached skill level 1 in Evocations
  5995 | D:6      | Reached XP level 8. HP: 55/64 MP: 6/16
  6461 | D:7      | Reached skill level 9 in Necromancy
  6799 | D:7      | Found a white marble altar of Elyvilon.
  6924 | D:7      | Reached skill level 5 in Evocations
  7008 | D:7      | Gained mutation: You passively map the area around you. [Deep Dwarf growth]
  7008 | D:7      | Reached XP level 9. HP: 63/70 MP: 2/18
  7185 | D:7      | Found a sparkling altar of Nemelex Xobeh.
  7189 | D:7      | Found a shadowy altar of Dithmenos.
  7192 | D:7      | Found a shimmering altar of Xom.
  7389 | D:8      | Noticed a two-headed ogre
  7392 | D:8      | Got a faintly humming scale mail
  7422 | D:7      | Identified the +0 scale mail of Boredom {Int+2} (You found it on level 8 of the Dungeon)
  7547 | D:8      | Slain by a wraith

Skill      XL: |  1  2  3  4  5  6  7  8 |
---------------+-------------------------+-----
Spellcasting   | 2 3 4 5 6 |  6.7
Necromancy     | 5 6 7 8 9 |  9.6
Fighting       | 1 |  1.4
Evocations     | 1 5 |  5.1
Dodging        | |  2.1
Stealth        | |  2.4

Action                   |  1- 3 |  4- 6 |  7- 9 || total
-------------------------+-------+-------+-------++-------
Melee: Trident           |    12 |    58 |    53 ||   123
       Flail             |       |       |   143 ||   143
Throw: Javelin           |     2 |       |    17 ||    19
 Cast: Pain              |    33 |    31 |   136 ||   200
       Vampiric Draining |       |    29 |    33 ||    62
Invok: Call Merchant     |       |       |     1 ||     1
  Use: Scroll            |       |       |     3 ||     3
  Eat: Chunk             |       |     9 |     3 ||    12
       Meat ration       |       |       |     2 ||     2
       Royal jelly       |       |       |     4 ||     4
Armor: Ring mail         |    12 |    40 |    15 ||    67
       Leather armour    |       |       |    90 ||    90
       Scale mail        |       |       |    20 ||    20
Dodge: Dodged            |    18 |    67 |   220 ||   305
